 Dungeon Crawl Stone Soup version 0.29-a0-802-g34511f41fd (webtiles) character file.

Game seed: 3479346125419253351

90087 buhh the Transmogrifier (level 15, -19/140 HPs)
             Began as an Octopode Transmuter on July 3, 2022.
             Was the Champion of Cheibriados.
             Demolished by a golden dragon simulacrum (49 damage)
             ... in an ice cave.
             The game lasted 00:54:10 (31037 turns).

buhh the Transmogrifier (Octopode Transmuter)      Turns: 31037, Time: 00:54:11

Health: -19/140    AC: 32    Str: 24    XL:     15   Next: 99%
Magic:  12/23      EV: 32    Int: 42    God:    Cheibriados [******]
Gold:   631        SH:  5    Dex: 36    Spells: 0/18 levels left

rFire   + . .      SeeInvis .     - Unarmed
rCold   . . .      Faith    .   (no shield)
rNeg    + + .      Spirit   .   (helmet restricted)
rPois   ∞          Reflect  +   y - amulet of reflection
rElec   +          Harm     .   b - ring of positive energy
rCorr   +          Rampage  .   z - +4 ring of evasion
Will    ++...                   S - ring of willpower
Stlth   +++++.....              O - +6 ring of intelligence
HPRegen 0.33/turn               L - ring of resist corrosion
MPRegen 0.18/turn               g - ring of protection from fire
                                T - +6 ring of dexterity
                                (no ring)

@: brilliant, statue-form, very slow
A: slow and powerful, torment resistance 1, boosted hp, almost no armour,
amphibious, 8 rings, camouflage 1, (gelatinous body 1), (nimble swimmer 1),
tentacles
a: End Transformation, Renounce Religion, Bend Time, Temporal Distortion,
Slouch, Step From Time


You were in an ice cave.
You worshipped Cheibriados.
Cheibriados was exalted by your worship.
You were a living statue of rough stone.
You visited 3 branches of the dungeon, and saw 22 of its levels.
You also visited: Gauntlet and Ice Cave.

You collected 3128 gold pieces.
You spent 2497 gold pieces at shops.

Inventory:

Missiles
 i - 29 poisoned darts
 x - 2 curare-tipped darts
 D - 3 throwing nets {!f}
Armour
 a - a +0 hat
 I - a +2 hat
Magical Staves
 e - a staff of death
 q - a staff of fire
 Y - a staff of conjuration
Jewellery
 b - a ring of positive energy (left tentacle)
 g - a ring of protection from fire (on tentacle)
 h - a ring of fire
 m - a ring of ice
 s - a ring of fire
 y - an amulet of reflection (around mantle)
 z - a +4 ring of evasion (right tentacle)
 L - a ring of resist corrosion (on tentacle)
 O - a +6 ring of intelligence (on tentacle)
 S - a ring of willpower (on tentacle)
 T - a +6 ring of dexterity (on tentacle)
 V - a ring of protection from fire
 W - an amulet of the acrobat
Wands
 f - a wand of flame (47)
 v - a wand of digging (8)
 w - a wand of charming (34)
 A - a wand of iceblast (5)
 G - a wand of light (10)
 U - a wand of mindburst (16)
Scrolls
 t - 7 scrolls of teleportation {!d}
 C - 2 scrolls of fear {!r}
 F - 3 scrolls of enchant weapon
 H - 2 scrolls of poison
 M - a scroll of summoning {unknown}
 Q - 2 scrolls of fog
 R - a scroll of torment
 X - a scroll of amnesia
 Z - 3 scrolls of enchant armour
Potions
 c - 8 potions of attraction
 d - 4 potions of heal wounds {unknown}
 j - 5 potions of degeneration {unknown}
 k - 6 potions of flight
 l - 5 potions of lignification {!d}
 n - 2 potions of resistance {unknown}
 o - 2 potions of haste {unknown}
 p - 2 potions of berserk rage {unknown}
 r - 3 potions of might {unknown}
 u - 2 potions of mutation {unknown}
 B - 13 potions of ambrosia {!q!d}
 E - a potion of cancellation {unknown}
 J - a potion of magic {!q!d}
 K - a potion of brilliance {!q!d}
 N - 9 potions of curing {!q!d}


   Skills:
 - Level 12.0 Fighting
 - Level 12.0 Dodging
 - Level 4.0 Stealth
 - Level 12.0 Unarmed Combat
 - Level 2.0 Spellcasting
 * Level 12.9 Transmutations
 - Level 4.0 Ice Magic
 * Level 10.8 Earth Magic
 - Level 2.0 Poison Magic
 * Level 11.1 Invocations


You couldn't memorise any spells.
You knew the following spells:

 Your Spells              Type           Power      Damage    Failure   Level
a - Beastly Appendage     Tmut           100%       N/A       1%          1
b - Wereblood             Tmut           100%       N/A       1%          2
c - Spider Form           Tmut/Pois      79%        N/A       1%          3
d - Ice Form              Ice/Tmut       85%        N/A       1%          4
e - Passwall              Tmut/Erth      85%        N/A       1%          2
f - Statue Form           Tmut/Erth      68%        N/A       4%          6

Your spell library contained the following spells:

 Spells                   Type           Power      Damage    Failure   Level
 Sandblast                Erth           100%       2d20      1%          1
 Frozen Ramparts          Ice            100%       1d12      1%          3
 Ozocubu's Armour         Ice            54%        N/A       1%          3
 Stone Arrow              Conj/Erth      100%       3d13      1%          3
 Lee's Rapid Deconstruct  Erth           48%        3d24*     1%          5
 Magic Dart               Conj           24%        1d4       3%          1
 Leda's Liquefaction      Hex/Erth       32%        N/A       3%          4
 Searing Ray              Conj           12%        2d4       5%          2
 Gell's Gravitas          Tloc           6%         N/A       11%         3
 Lesser Beckoning         Tloc           6%         N/A       11%         3
 Teleport Other           Tloc           6%         N/A       11%         3
 Summon Ice Beast         Ice/Summ       31%        N/A       16%         4
 Fulminant Prism          Conj/Hex       3%         3d6       34%         4
 Metabolic Englaciation   Hex/Ice        15%        N/A       38%         5
 Iron Shot                Conj/Erth      32%        9d7       52%         6
 Iskenderun's Battlesphe  Conj           6%         2d6       67%         5
 Simulacrum               Ice/Necr       15%        N/A       93%         6
 Spellforged Servitor     Conj/Summ      3%         N/A       100%        7
 Chain Lightning          Conj/Air       3%         3d4       100%        9
 Fire Storm               Conj/Fire      3%         8d1       100%        9
 Shatter                  Erth           48%        3d37*     100%        9


Dungeon Overview and Level Annotations

Branches:
Dungeon (14/15) Zot: 40215  Temple (0/1) D:6            Lair (6/6) D:9 Zot: 35630
  Swamp (0/4) Lair:3       Spider (0/4) Lair:3        Slime (0/5) Lair:5
    Orc (2/2) D:11 Zot: 14827     Elf (0/3) Orc:2        Vaults (0/5) D:14
  IceCv (1/1) Zot: 8981   Gauntlet (visited)

Altars:
Cheibriados
Dithmenos
Hepliaklqana
Nemelex Xobeh
Okawaru
Qazlal
Sif Muna
Xom
Zin
The Shining One

Shops:
D:8 *   D:11 ((   D:13 :   Orc:2 =([*

Annotations:
D:5 1 runed translucent door, Crazy Yiuf
D:12 Jorgrun, Psyche
Lair:3 exclusion: 4 centaurs


Innate Abilities, Weirdness & Mutations

You are a living statue of rough stone.
Your actions are slow, but your melee attacks are powerful.
You are resistant to unholy torment.
Your maximum health is greatly increased.
You are immune to poison.
You cannot wear most types of armour.
You are amphibious.
You can wear up to eight rings at the same time.
Your skin changes colour to match your surroundings (Stealth+).
((Your rubbery body absorbs attacks. (AC +1, EV +1)))
((You are camouflaged when in or above water. (Stealth+)))
You have tentacles for arms and can constrict up to eight enemies at once.


Message History

The dire elephant simulacrum tramples you but does no damage.
You block the dire elephant simulacrum's attack.
The golden dragon simulacrum completely misses you. x2
The golden dragon simulacrum tramples you but does no damage.
You step out of the flow of time.
You return to the normal time flow.
The harpy simulacrum closely misses you.
The harpy simulacrum completely misses you. x5
The harpy simulacrum closely misses you.
The harpy simulacrum claws you but does no damage.
There is an ice choked empty arch of ancient stone here.
You block the harpy simulacrum's attack.
The harpy simulacrum claws you but does no damage.
The harpy simulacrum completely misses you. x3
The harpy simulacrum misses you. x2
The harpy simulacrum completely misses you.
The five-headed hydra simulacrum barely misses you.
The five-headed hydra simulacrum misses you.
The five-headed hydra simulacrum bites you but does no damage.
The five-headed hydra simulacrum closely misses you.
The five-headed hydra simulacrum completely misses you.
The harpy simulacrum barely misses you. The harpy simulacrum misses you.
The five-headed hydra simulacrum completely misses you.
The five-headed hydra simulacrum barely misses you.
The five-headed hydra simulacrum bites you but does no damage.
The five-headed hydra simulacrum completely misses you.
The five-headed hydra simulacrum bites you but does no damage.
The harpy simulacrum claws you but does no damage.
The harpy simulacrum completely misses you.
There is an ice covered gate leading back out of this place here.
The harpy simulacrum claws you.
* * * LOW HITPOINT WARNING * * *
The harpy simulacrum freezes you!
* * * LOW HITPOINT WARNING * * *
The harpy simulacrum completely misses you.
The harpy simulacrum misses you. The harpy simulacrum barely misses you.
The golden dragon simulacrum bites you but does no damage.
The golden dragon simulacrum claws you.
* * * LOW HITPOINT WARNING * * *
The golden dragon simulacrum freezes you!!!
You die...

####
###...#
##.......
##........
##.........
#..ZZu..8Z.
#.Z.......[
#8Z......[)
#.Z......Z$
#.......8..
##.........
##........
##.......
###...# ###


You could see a white very ugly thing (wandering), a five-headed hydra
simulacrum, a lindwurm simulacrum (wandering), a golden dragon simulacrum and 2
harpy simulacra.

Vanquished Creatures
  Rupert (D:14)
  Gastronok (D:8)
  An orc warlord (Orc:2)
  Nessos (D:14)
  Snorg (D:11)
  A fire dragon (Lair:6)
  Fannar (Lair:2)
  9 hydras
  Harold (D:9)
  Erica (D:8)
  A catoblepas (Lair:6)
  2 centaur warriors
  An alligator (Lair:6)
  3 death yaks (Lair:4)
  3 two-headed ogres
  2 orc high priests (Orc:2)
  Amaemon (Lair:2)
  A fire crab (shapeshifter) (D:14)
  Lodul (D:12)
  A swamp dragon (Lair:6)
  Pikel (D:8)
  7 orc knights
  3 orc sorcerers (Orc:2)
  5 cyclopes
  A manticore (D:9)
  4 ugly things
  Maurice (Orc:1)
  An oklob plant (Lair:6)
  6 elephants (Lair:6)
  6 black mambas
  2 gargoyles
  A torpor snail (Lair:6)
  15 cane toads
  3 kobold demonologists
  An orange demon (Lair:2)
  2 unseen horrors
  6 rime drakes
  10 komodo dragons
  An anaconda simulacrum (IceCv)
  2 freezing wraiths (D:14)
  3 trolls
  13 polar bears
  A hornet (Lair:3)
  A queen bee (D:11)
  2 raiju (Lair:6)
  9 slime creatures
  12 blink frogs
  A dream sheep (Lair:6)
  A culicivora (Lair:3)
  A jumping spider (Lair:3)
  3 shadows
  6 wyverns
  3 wraiths
  67 yaks
  5 basilisks
  16 humans (D:14)
  11 vampire mosquitoes
  4 redbacks (Lair:3)
  3 steam dragons
  6 wargs
  2 swamp worms (Lair:3)
  4 acid dragons
  12 water moccasins
  Duvessa (D:7)
  15 hell hounds (Lair:6)
  39 orc warriors
  An ice beast (D:7)
  2 swamp drakes (Lair:6)
  A sky beast (D:6)
  14 black bears
  7 ogres
  24 wolves
  A phantom (D:5)
  5 centaurs
  4 kobold brigands
  13 bullfrogs
  3 scorpions
  2 necrophages
  2 gnoll sergeants
  19 wights
  Dowan (D:7)
  43 killer bees
  3 electric eels (Lair:5)
  2 howler monkeys
  18 orc priests
  2 hounds
  5 iguanas
  30 orc wizards
  7 gnolls
  5 adders
  4 shadow imps
  A white imp (D:7)
  2 ufetubi
  2 worms
  2 dart slugs
  83 orcs
  5 bats
  9 endoplasms
  2 giant cockroaches
  7 goblins
  7 hobgoblins
  4 jackals (D:4)
  7 quokkas
  3 ball pythons (D:2)
  4 frilled lizards
  15 kobolds
  3 rats
  A bush (Lair:6)
728 creatures vanquished.

Vanquished Creatures (others)
  A wolf (Lair:6)
  A wight (D:7)
  An orc wizard (D:11)
  5 bushes (D:9)
  59 fungi
  71 plants
138 creatures vanquished.

Grand Total: 866 creatures vanquished

Notes
Turn   | Place    | Note
-------+----------+-------------------------------------------
     0 | D:1      | buhh the Octopode Transmuter began the quest for the Orb.
     0 | D:1      | Reached XP level 1. HP: 13/13 MP: 3/3
   182 | D:1      | Reached XP level 2. HP: 18/18 MP: 3/5
  1004 | D:2      | Reached XP level 3. HP: 25/25 MP: 4/6
  1648 | D:2      | Learned a level 2 spell: Wereblood
  1652 | D:2      | Learned a level 3 spell: Spider Form
  1670 | D:2      | Reached XP level 4. HP: 30/30 MP: 5/7
  1752 | D:2      | Found a faded altar of an unknown god.
  3227 | D:4      | Reached XP level 5. HP: 33/36 MP: 6/8
  3247 | D:4      | Found a glowing silver altar of Zin.
  3249 | D:4      | Found an iron altar of Okawaru.
  3627 | D:4      | Found a sparkling altar of Nemelex Xobeh.
  3745 | D:4      | Found a snail-covered altar of Cheibriados.
  3759 | D:4      | Became a worshipper of Cheibriados the Contemplative
  4249 | D:5      | Entered Level 5 of the Dungeon
  4336 | D:5      | Reached XP level 6. HP: 32/44 MP: 9/9
  4554 | D:5      | Noticed a black bear
  4822 | D:5      | Found a hazy altar of Hepliaklqana.
  4908 | D:5      | Reached XP level 7. HP: 28/50 MP: 5/10
  6367 | D:5      | Found a runed translucent door.
  6368 | D:5      | Noticed Crazy Yiuf
  6814 | D:6      | Reached XP level 8. HP: 18/57 MP: 4/11
  7139 | D:6      | Reached * piety under Cheibriados
  8054 | D:7      | Noticed Duvessa
  8301 | D:7      | Noticed Dowan
  8313 | D:7      | Killed Duvessa
  8332 | D:7      | Killed Dowan
  8336 | D:7      | Reached XP level 9. HP: 63/63 MP: 12/12
  8646 | D:7      | Learned a level 4 spell: Ice Form
  8649 | D:7      | Learned a level 2 spell: Passwall
  8827 | D:7      | Found a shimmering altar of Xom.
  9270 | D:7      | Found a stormy altar of Qazlal.
  9414 | D:8      | Reached ** piety under Cheibriados
  9696 | D:8      | Noticed a two-headed ogre
  9765 | D:8      | Noticed Gastronok
 10490 | D:8      | Noticed Erica
 10650 | D:8      | Noticed Pikel
 11214 | D:6      | Found a staircase to the Ecumenical Temple.
 11898 | D:9      | Noticed Harold
 12190 | D:9      | Noticed a kobold demonologist
 12221 | D:9      | Killed a kobold demonologist
 12222 | D:9      | Reached XP level 10. HP: 64/71 MP: 9/13
 12224 | D:9      | Reached *** piety under Cheibriados
 12296 | D:9      | Found a shadowy altar of Dithmenos.
 12884 | D:9      | Found a staircase to the Lair.
 12935 | D:9      | Reached **** piety under Cheibriados
 13260 | D:9      | Noticed a manticore
 13288 | D:9      | Killed a manticore
 13793 | D:9      | Reached XP level 11. HP: 72/78 MP: 14/14
 14165 | Lair:1   | Entered Level 1 of the Lair of Beasts
 14338 | Lair:1   | Reached ***** piety under Cheibriados
 15478 | Lair:2   | Noticed a five-headed hydra
 15834 | Lair:2   | Noticed Fannar
 15856 | Lair:2   | Killed Fannar
 16144 | Lair:2   | Reached XP level 12. HP: 87/87 MP: 10/15
 16381 | Lair:2   | Noticed Amaemon
 16431 | Lair:2   | Found a glowing golden altar of the Shining One.
 16529 | Lair:2   | Killed Amaemon
 16986 | Lair:2   | Killed a five-headed hydra
 17367 | Lair:3   | Reached skill level 11 in Fighting
 17370 | Lair:3   | Reached skill level 11 in Dodging
 17370 | Lair:3   | Reached skill level 11 in Unarmed Combat
 17375 | Lair:3   | Found a hole to the Spider Nest.
 17412 | Lair:3   | Found a gate leading to a gauntlet.
 17419 | Gauntlet | Entered a Gauntlet
 17419 | Gauntlet | Found a transporter.
 17419 | Gauntlet | Found a transporter.
 17428 | Gauntlet | Found a transporter.
 17438 | Gauntlet | Found a transporter.
 17453 | Gauntlet | Found a transporter.
 17463 | Gauntlet | Found a transporter.
 17478 | Gauntlet | Found a transporter.
 17484 | Gauntlet | Found a transporter.
 17498 | Gauntlet | Found a transporter.
 17515 | Gauntlet | Found a transporter.
 17519 | Gauntlet | Found a transporter.
 17557 | Gauntlet | Found a transporter.
 17901 | Lair:3   | Noticed an eight-headed hydra
 18446 | Lair:3   | Found a shimmering altar of Xom.
 18482 | Lair:4   | Noticed a death yak
 18482 | Lair:4   | Noticed a death yak
 18482 | Lair:4   | Noticed a death yak
 18860 | Lair:4   | Reached ****** piety under Cheibriados
 19084 | Lair:4   | Reached XP level 13. HP: 95/95 MP: 8/16
 20441 | Lair:5   | Found a staircase to the Slime Pits.
 20840 | Lair:6   | Entered Level 6 of the Lair of Beasts
 22411 | Lair:6   | Reached XP level 14. HP: 93/103 MP: 16/20
 24399 | Lair:3   | Found a staircase to the Swamp.
 24648 | D:9      | Killed Harold
 24708 | D:8      | Killed Erica
 24783 | D:8      | Killed Pikel
 25250 | D:8      | Found Keoluu's General Store.
 25253 | D:8      | Bought a scroll of teleportation for 30 gold pieces
 25253 | D:8      | Bought a scroll of poison for 35 gold pieces
 25301 | D:8      | Killed Gastronok
 25456 | D:10     | Entered Level 10 of the Dungeon
 25948 | D:10     | Found a shimmering blue altar of Sif Muna.
 26446 | D:11     | Found a staircase to the Orcish Mines.
 26447 | D:11     | Found Kudaint's Weapon Emporium.
 26507 | Orc:1    | Entered Level 1 of the Orcish Mines
 26542 | Orc:1    | Noticed Maurice
 26550 | Orc:1    | Killed Maurice
 26706 | Orc:1    | Reached XP level 15. HP: 93/108 MP: 15/22
 27100 | Orc:2    | Entered Level 2 of the Orcish Mines
 27132 | Orc:2    | Reached skill level 11 in Transmutations
 27303 | Orc:2    | Noticed an orc warlord
 27655 | Orc:2    | Killed an orc warlord
 28118 | Orc:2    | Found Odwoada's Antique Armour Emporium.
 28597 | Orc:2    | Found Goexem's General Store.
 28605 | Orc:2    | Bought a scroll of teleportation for 48 gold pieces
 28605 | Orc:2    | Bought a potion of brilliance for 64 gold pieces
 28605 | Orc:2    | Bought a potion of curing for 48 gold pieces
 28617 | Orc:2    | Found a staircase to the Elven Halls.
 28777 | Orc:2    | Found Sapung's Antique Weapon Emporium.
 28833 | Orc:2    | Found Terizuet's Jewellery Emporium.
 28839 | Orc:2    | Bought a ring of protection from fire for 400 gold pieces
 28839 | Orc:2    | Bought a ring of resist corrosion for 320 gold pieces
 28839 | Orc:2    | Bought a +6 ring of intelligence for 576 gold pieces
 28839 | Orc:2    | Bought a ring of willpower for 400 gold pieces
 28851 | Orc:2    | Learned a level 6 spell: Statue Form
 28865 | Orc:2    | Bought a +6 ring of dexterity for 576 gold pieces
 28979 | D:12     | Noticed Lodul
 28982 | D:12     | Killed Lodul
 29076 | D:12     | Noticed Psyche
 29076 | D:12     | Noticed Jorgrun
 29284 | D:11     | Noticed Snorg
 29297 | D:11     | Killed Snorg
 29370 | D:11     | Found Ohosh's Weapon Shoppe.
 30552 | D:13     | Found Baimoja's Book Emporium.
 30888 | D:14     | Noticed Rupert
 30888 | D:14     | Noticed Nessos
 30888 | D:14     | Found a gate to the Vaults.
 30890 | D:14     | Killed Nessos
 30898 | D:14     | Killed Rupert
 31002 | D:14     | Reached skill level 11 in Invocations
 31022 | D:14     | Found a frozen archway.
 31028 | IceCv    | Entered an ice cave
 31037 | IceCv    | Demolished by a golden dragon simulacrum

Illustrated notes

Levels and vault maps discovered:
D:1:      lightli_arrival_flooded_house, layout_loops_ring
D:2:      layout_loops_ring, hellmonk_ecumenical_altar_heavens_door,
          grunt_ministairs_14, hangedman_decor_growths, nrook_loot_triangle,
          minmay_unequal
D:3:      layout_loops_corners, minmay_starry_boxes
D:4:      layout_loops_corners, nemelex_spade_bored_becter,
          kennysheep_little_box, nicolae_overflow_hidden_temple
D:5:      layout_basic, mainiacjoe_overflow_chevrons, eino_tiny_chamber,
          uniq_crazy_yiuf_cottage
D:6:      layout_layer_cave, minmay_temple_entry_antechambers
D:7:      layout_loops_ring, nicolae_qazlal_scattered_showers,
          mainiacjoe_overflow_concentric_impassable, nicolae_underground_beach,
          uniq_duvessa
D:8:      layout_loops_ring, serial_shops, kennysheep_mini, uniq_gastronok,
          uniq_erica, uniq_pikel
D:9:      layout_roguey, grunt_dithmenos_smoke, minmay_lair_entry_grove,
          enter_bailey_8, special_room [special_room_orc], uniq_harold
D:10:     layout_stronghold, mainiacjoe_overflow_paths, minmay_misc_feat_roman,
          columned_hall_lemuel
D:11:     layout_roguey [special_room_bee], orc_david_3, serial_shops,
          nicolae_square_shop, uniq_snorg
D:12:     layout_roguey, uniq_psyche, uniq_jorgrun, uniq_lodul
D:13:     layout_rooms, serial_shops, shop
D:14:     minmay_chambers_of_sevens, layout_irregular_city, david_vaults_3,
          portal_ice_cave_entry_horrid_things, grunt_ministairs_15
Lair:1:   layout_chaotic_city, infiniplex_staircase_pool, grunt_megastairs_5
Lair:2:   layout_cave_shapes, basic_altar, uniq_fannar, uniq_amaemon
Lair:3:   layout_loops_ring, palyth_hydra_swamp_entry,
          nicolae_spider_entry_tight_spaces, gauntlet_entry_generic,
          enter_volcano_1, lemuel_centaur_altar, infiniplex_staircase_pool_2
Lair:4:   layout_regular_city
Lair:5:   layout_regular_city, slime_entry_1, serial_bayou_pond_a,
          disabler_island, serial_bayou_shore_a
Lair:6:   hangedman_lair_caniforms_friends, layout_gridlike,
          guppyfry_lair_end_dragon, st_stairs_3, minmay_lair_oklob_bushes
Orc:1:    layout_caves, uniq_maurice
Orc:2:    grunt_orc_cross, layout_caves
IceCv:    ice_cave_statue_garden_transporter

Skill      XL: |  1  2  3  4  5  6  7  8  9 10 11 12 13 14 15 |
---------------+----------------------------------------------+-----
Stealth        | 1 2 3 4 |  4.0
Fighting       | 2 3 4 5 6 7 8 10 11 12 | 12.0
Unarmed Combat | 4 6 7 8 10 11 12 | 12.0
Poison Magic   | 1 2 |  2.0
Dodging        | 3 4 6 7 8 10 11 12 | 12.0
Transmutations | 4 5 7 10 12 | 12.9
Ice Magic      | 3 4 |  4.0
Invocations    | 3 5 9 10 11 | 11.1
Earth Magic    | 2 7 10 | 10.8
Spellcasting   | |  2.0

Action                   |  1- 3 |  4- 6 |  7- 9 | 10-12 | 13-15 || total
-------------------------+-------+-------+-------+-------+-------++-------
Melee: Unarmed           |    68 |    31 |   284 |   426 |   847 ||  1656
       Tentacles         |    13 |    22 |     7 |     1 |    44 ||    87
       Kick              |    21 |     9 |     1 |       |       ||    31
       Constrict         |    17 |    24 |    12 |     1 |    29 ||    83
       Punch             |     2 |     5 |     2 |     1 |    21 ||    31
       Whip              |       |    62 |    17 |       |       ||    79
Throw: Dart              |       |       |     4 |       |       ||     4
 Cast: Beastly Appendage |    27 |    14 |     4 |       |       ||    45
       Spider Form       |       |     1 |    32 |       |       ||    33
       Ice Form          |       |       |     6 |    58 |   102 ||   166
       Wereblood         |       |       |       |     5 |     7 ||    12
       Statue Form       |       |       |       |       |    33 ||    33
Invok: Slouch            |       |       |       |       |    11 ||    11
       Step From Time    |       |       |       |       |     2 ||     2
Evoke: Wand              |       |       |       |     6 |       ||     6
  Use: Scroll            |     5 |     3 |     7 |     9 |    10 ||    34
       Potion            |       |       |     6 |     6 |     2 ||    14
 Stab: Sleeping          |    12 |    10 |     8 |     5 |     4 ||    39
       Invisible         |       |       |       |     2 |       ||     2
       Petrifying        |       |       |       |       |     1 ||     1
       Petrified         |       |       |       |       |     1 ||     1
       Distracted        |       |       |       |       |     2 ||     2
Armor: Skin              |     8 |     7 |    53 |    65 |   162 ||   295
Dodge: Dodged            |    32 |    63 |   295 |   321 |  1113 ||  1824
Block: Other             |       |       |       |    45 |   222 ||   267
       Reflection        |       |       |       |       |    12 ||    12

Table legend: (Time is in decaauts)
 A = Elapsed time spent in this place.
 B = Non-inter-level travel time spent in this place.
 C = Inter-level travel time spent in this place.
 D = Time resting spent in this place.
 E = Time spent auto-exploring this place.
 F = Levels seen in this place.
 G = Mean time per level.
                   A        B        C        D        E       F      G
               +--------+--------+--------+--------+--------+-----+--------+
         Total |  41358 |  38694 |   2664 |   5786 |  26285 |  24 | 1723.2 |
       Dungeon |  23479 |  21667 |   1812 |   3173 |  14434 |  14 | 1677.1 |
          Lair |  14343 |  13620 |    723 |   1590 |   9968 |   6 | 2390.5 |
  Orcish Mines |   3172 |   3044 |    128 |   1023 |   1594 |   2 | 1586.0 |
      Ice Cave |     16 |     16 |      0 |      0 |      0 |   1 |   16.0 |
      Gauntlet |    345 |    345 |      0 |      0 |    288 |   1 |  345.0 |
               +--------+--------+--------+--------+--------+-----+--------+

Top non-repeatable levels by time:
  Lair:6: 3516 daAuts
     D:7: 2988 daAuts
     D:5: 2958 daAuts
     D:9: 2796 daAuts
  Lair:2: 2514 daAuts
  Lair:3: 2299 daAuts
     D:6: 2290 daAuts
  Lair:5: 2157 daAuts
     D:8: 2085 daAuts
  Lair:4: 2080 daAuts
  Lair:1: 1776 daAuts
   Orc:1: 1767 daAuts
    D:10: 1662 daAuts
     D:2: 1453 daAuts
    D:12: 1418 daAuts
